Map: Paladino Terminal LE

Players

Musumeci

  • Race: Zerg Zerg
  • League: Diamond
  • Spawn Location: 5:00

Arkarde - Winner!

  • Race: Zerg Zerg
  • League: Diamond
  • Spawn Location: 9:00

VOD

Have the link to the VOD?

Description

Time

  • Played on: March 15, 2017, 9:27 a.m.
  • Length: 11:02
Show
View Real Time Build Order
Export as new Build Order

Musumeci Zerg 

Build Orders: Pool First, Zergling Baneling 

Get SALT Encoding   

  12  0:03  Drone  
  13  0:10  Drone  
  14  0:14  Extractor  
  14  0:15  Drone  
  15  0:34  Overlord  
  15  0:52  Drone x3  
  15  0:55  Spawning Pool  
  15  0:56  Extractor  
  16  1:03  Drone  
  17  1:27  Hatchery  
  16  1:42  Zergling x6  
  19  1:49  Queen  
  21  1:55  Zergling x2  
  21  2:19  Overlord  
  21  2:30  Metabolic Boost  
  21  2:33  Baneling Nest  
  20  2:40  Queen  
  22  2:44  Zergling x4  
  24  2:58  Zergling x6  
  27  3:10  Zergling x2  
  27  3:11  Zergling x4  
  30  3:25  Baneling x3  
  29  3:45  Zergling x2  
  29  3:46  Zergling x12  
  36  3:58  Overlord  
  36  4:05  Baneling x2  
  36  4:06  Baneling  
  36  4:07  Baneling  
  35  4:16  Zergling x2  
  35  4:17  Zergling x4  
  29  4:37  Zergling x10  
  31  4:43  Baneling x2  
  27  4:56  Zergling x4  
  27  4:57  Zergling x2  
  29  5:02  Baneling x2  
  29  5:08  Baneling x2  
  29  5:10  Zergling x4  
  25  5:45  Baneling  
  25  5:46  Baneling  
  24  5:56  Zergling x16  
  24  5:57  Zergling x4  
  33  6:10  Zergling x6  
  33  6:11  Zergling x2  
  33  6:25  Zergling x2  
  33  6:26  Zergling x6  
  34  6:43  Zergling x8  
  33  6:53  Overlord  
  33  6:54  Baneling  
  32  6:55  Baneling  
  29  7:07  Zergling x4  
  27  7:12  Baneling  
  26  7:19  Baneling  
  26  7:25  Baneling x2  
  26  7:29  Zergling x6  
  25  7:47  Zergling x8  
  29  7:58  Drone x2  
  30  8:01  Baneling  
  30  8:02  Baneling x3  
  30  8:04  Drone  
  32  8:19  Drone x2  
  32  8:28  Drone x2  
  32  8:29  Drone  
  32  8:31  Extractor  
  32  8:33  Extractor  
  33  8:38  Drone x2  
  28  9:12  Zergling x16  
  28  9:17  Lair  
  35  9:24  Overlord  
  34  9:50  Drone x10  
  39  10:10  Drone  
  39  10:11  Drone x4  
  42  10:22  Spine Crawler x2  
  42  10:27  Spine Crawler  
  39  10:38  Spire  
  39  10:39  Drone x2  
  39  10:40  Extractor  
  39  10:42  Drone  
  40  10:52  Spine Crawler x2  
  40  10:56  Spine Crawler  
Show
View Real Time Build Order
Export as new Build Order

Arkarde Zerg - Winner!

Build Orders: Pool First 

Get SALT Encoding   

  12  0:01  Drone  
  13  0:09  Drone  
  14  0:16  Drone, Extractor  
  14  0:19  Extractor  
  13  0:22  Drone  
  15  0:39  Spawning Pool  
  14  0:46  Extractor  
  14  0:47  Drone  
  15  0:52  Overlord  
  15  1:13  Drone  
  16  1:26  Queen  
  16  1:27  Zergling x6  
  21  1:34  Metabolic Boost  
  21  1:58  Hatchery  
  21  2:01  Drone  
  21  2:05  Drone  
  21  2:27  Overlord  
  21  2:30  Spine Crawler  
  20  2:44  Queen  
  20  2:45  Drone  
  20  2:46  Zergling x8  
  27  2:54  Overlord  
  27  3:09  Queen  
  29  3:14  Drone x2  
  31  3:24  Baneling Nest  
  30  3:32  Drone x2  
  31  3:39  Drone x2  
  32  3:52  Overlord  
  32  3:55  Drone x2  
  34  4:00  Drone  
  33  4:19  Zergling x2  
  33  4:20  Zergling x14  
  38  4:24  Zergling x2  
  38  4:33  Zergling x2  
  38  4:35  Queen  
  34  4:48  Overlord  
  34  4:49  Drone x2  
  30  5:01  Zergling x2  
  30  5:04  Baneling  
  30  5:05  Baneling  
  30  5:06  Spine Crawler  
  30  5:10  Queen  
  32  5:16  Baneling  
  32  5:25  Drone  
  31  5:33  Queen, Drone  
  29  5:42  Baneling  
  29  5:44  Zergling x10  
  29  5:45  Zergling x2  
  32  6:02  Baneling  
  32  6:03  Baneling x2  
  32  6:08  Zergling x6  
  32  6:09  Zergling x4  
  30  6:21  Zergling x2  
  31  6:26  Drone  
  31  6:27  Spine Crawler  
  30  6:37  Baneling x3  
  29  6:47  Queen  
  29  6:53  Zergling x8  
  29  6:54  Zergling x4  
  32  7:09  Roach Warren  
  32  7:11  Zergling x2  
  32  7:12  Zergling x2  
  32  7:14  Baneling  
  32  7:15  Baneling x3  
  32  7:19  Queen  
  30  7:44  Drone x3  
  30  7:45  Drone x5  
  38  7:52  Roach  
  40  7:59  Overlord  
  40  8:01  Extractor  
  39  8:07  Lair  
  39  8:17  Roach x2  
  39  8:18  Roach  
  45  8:20  Baneling x2  
  45  8:28  Roach  
  45  8:29  Roach  
  45  8:31  Drone x2  
  51  8:43  Roach  
  51  8:44  Roach x3  
  58  8:56  Roach x2  
  58  8:57  Roach x2  
  63  9:13  Roach x2  
  63  9:14  Glial Reconstitution  
  67  9:31  Overlord x2  
  67  9:32  Overlord  
  67  9:42  Overlord  
  67  9:43  Extractor  
  66  9:55  Roach x3  
  66  9:56  Roach  
  71  10:06  Hatchery  
  70  10:19  Drone  
  70  10:20  Drone x2  
  70  10:21  Drone x3  
  74  10:28  Overlord  
  74  10:36  Zergling x2  
  74  10:37  Zergling x4  
Tags
 
Add a new tag
Caveats
  • Supply blocks, unpowered buildings, or Contaminate may cause inaccurate times.
  • Supply counts are checked every 10 seconds.